 Dungeon Sprint DCSS version 0.30.1-4-g462c640d31 (webtiles) character file.

Game seed: 9795395136255038542

435 Heoruswealwe the Cleaver (level 7, 0/69 HPs)
             Began as a Hill Orc Fighter on Sept 4, 2023.
             Was the Champion of Zin.
             Slain by Sonja
             ... wielding a +0 short sword of distortion
              (3 damage)
             ... in the Dungeon (Sprint I: "Red Sonja").
             The game lasted 00:03:21 (314 turns).

Heoruswealwe the Cleaver (Hill Orc Fighter)          Turns: 314, Time: 00:03:22

Health: 0/69       AC:  9    Str: 21    XL:     7   Next: 0%
Magic:  13/13      EV:  9    Int:  8    God:    Zin [******]
Gold:   347        SH:  5    Dex: 10    Spells: 6/6 levels left

rFire   . . .        a - +0 war axe
rCold   . . .        d - +0 buckler
rNeg    . . .        c - +0 scale mail
rPois   .            (no helmet)
rElec   .            h - +0 cloak
rCorr   .            (no gloves)
SInv    .            (no boots)
Will    .....        (no amulet) Stlth
                     (no ring)
HPRegen 0.31/turn    (no ring)
MPRegen 0.13/turn

%: no teleportation
@: mighty, hasted and slowed
A: no striking features
a: Renounce Religion, Recite, Vitalisation, Imprison, Sanctuary, Donate Gold


You were in the Dungeon.
You worshipped Zin.
Zin was exalted by your worship.
You visited 1 branch You collected 385 gold pieces.
You donated 38 gold pieces to Zin.

Inventory:

Hand Weapons
 a - a +0 war axe (weapon)
Armour
 c - a +0 scale mail (worn)
 d - a +0 buckler (worn)
 h - a +0 cloak (worn)
Wands
 k - a wand of digging (7)
Scrolls
 j - a scroll of blinking
Potions
 e - a potion of curing


   Skills:
 + Level 8.6 Fighting
 + Level 8.9 Axes
 + Level 7.8 Armour
 + Level 7.8 Shields
 + Level 8.3 Invocations


You had 6 spell levels left.
You didn't know any spells.
Your spell library was empty.

Dungeon Overview and Level Annotations

Branches:
Dungeon (1/1)

Altars:
Cheibriados
Dithmenos
Elyvilon
Fedhas
Gozag
Hepliaklqana
Kikubaaqudgha
Nemelex Xobeh
Okawaru
Qazlal
Ru
Sif Muna
Trog
Uskayaw
Vehumet
Wu Jian
Yredelemnul
Zin
The Shining One

Shops:
D ?

Annotations:
D Sonja


Message History

Found 108 gold pieces.
Blink to where?
Press: ? - help, Dir - move target, f - you
Okay, then.
You feel yourself speed up.
You feel sick.
You feel very mighty all of a sudden.
You feel sick.
Sonja mumbles some strange words.
Sonja blinks!
You feel sick.
You miss Sonja.
You feel sick.
Sonja bows elegantly.
Sonja barely misses you. x2
Sonja hits you with a +0 short sword of distortion.
Space warps horribly around you! Sonja closely misses you.
Sonja hits you but does no damage. Space warps horribly around you!
Sonja hits you but does no damage. Space warps around you.
* * * LOW HITPOINT WARNING * * *
You feel much better.
You feel sick.
You are no longer poisoned.
Sonja hits you but does no damage. Space warps around you.
You block Sonja's attack. Sonja hits you but does no damage.
You closely miss Sonja. You block Sonja's attack.
Sonja hits you with a +0 short sword of distortion.
Sonja hits you but does no damage. You block Sonja's attack.
Sonja hits you but does no damage. Space warps horribly around you!!
* * * LOW HITPOINT WARNING * * *
Sonja barely misses you.
You miss Sonja. Sonja hits you but does no damage. Sonja misses you.
Sonja hits you but does no damage. Space warps around you.
* * * LOW HITPOINT WARNING * * *
You barely miss Sonja. Sonja closely misses you.
Sonja hits you with a +0 short sword of distortion.
* * * LOW HITPOINT WARNING * * *
Space warps around you.
* * * LOW HITPOINT WARNING * * *
Sonja hits you with a +0 short sword of distortion.
* * * LOW HITPOINT WARNING * * *
Space warps around you.
You die...

################
#<.#..)..#.)'..#
#..!..#..'..#..+
#..#####'#####'#
#..####..#...#.#
#..#__####..##.#
#..#_____##K#_.+
#⌠⌠#_.∩...'@.._#
##.#_..__##_.#'#
#..#_____###'#.#
########## #.###
$.$ $.$# ##.##
#+#


You could see Sonja.

Vanquished Creatures
  Sigmund (D)
  A yak (D)
  An ogre (D)
  A jelly (D)
  Ijyb (D)
5 creatures vanquished.

Notes
Turn   | Place    | Note
-------+----------+-------------------------------------------
     0 | D        | Heoruswealwe the Hill Orc Fighter began the quest for the
                  | Orb.
     0 | D        | Reached XP level 1. HP: 19/19 MP: 1/1
     1 | D        | Noticed Ijyb
    11 | D        | Killed Ijyb
    12 | D        | Reached XP level 2. HP: 22/28 MP: 1/4
    12 | D        | Reached XP level 3. HP: 28/35 MP: 1/5
    39 | D        | Noticed an ogre
    43 | D        | Killed an ogre
    44 | D        | Reached skill level 5 in Armour
    44 | D        | Reached skill level 5 in Shields
    44 | D        | Reached skill level 5 in Invocations
    44 | D        | Reached XP level 4. HP: 44/44 MP: 3/7
    94 | D        | Noticed Sigmund
   108 | D        | Killed Sigmund
   109 | D        | Reached XP level 5. HP: 34/53 MP: 7/10
   109 | D        | Reached XP level 6. HP: 39/61 MP: 7/11
   180 | D        | Found an ornate altar of the Wu Jian Council.
   180 | D        | Found a shimmering blue altar of Sif Muna.
   182 | D        | Found a radiant altar of Vehumet.
   218 | D        | Found Talag's Magic Scroll Emporium.
   218 | D        | Found an ancient bone altar of Kikubaaqudgha.
   218 | D        | Found a hazy altar of Hepliaklqana.
   218 | D        | Found a stormy altar of Qazlal.
   218 | D        | Found a hide-covered altar of Uskayaw.
   218 | D        | Found a blossoming altar of Fedhas.
   218 | D        | Found a bloodstained altar of Trog.
   218 | D        | Found an iron altar of Okawaru.
   218 | D        | Found a basalt altar of Yredelemnul.
   218 | D        | Found a glowing golden altar of the Shining One.
   218 | D        | Found a snail-covered altar of Cheibriados.
   218 | D        | Found a sacrificial altar of Ru.
   218 | D        | Found a glowing silver altar of Zin.
   218 | D        | Found a shadowy altar of Dithmenos.
   218 | D        | Found a white marble altar of Elyvilon.
   218 | D        | Noticed a yak
   223 | D        | Killed a yak
   224 | D        | Reached XP level 7. HP: 48/69 MP: 11/13
   291 | D        | Found an opulent altar of Gozag.
   292 | D        | Found a sparkling altar of Nemelex Xobeh.
   297 | D        | Became a worshipper of Zin the Law-Giver
   297 | D        | Reached * piety under Zin
   297 | D        | Reached ** piety under Zin
   297 | D        | Reached *** piety under Zin
   297 | D        | Reached **** piety under Zin
   297 | D        | Reached ***** piety under Zin
   297 | D        | Reached ****** piety under Zin
   306 | D        | Noticed Sonja
   314 | D        | HP: 3/69 [Sonja/+0 short sword of distortion (1)]
   314 | D        | Slain by Sonja

Illustrated notes

Levels and vault maps discovered:
D:        dungeon_sprint_1 [red_sonja_temple_1, red_sonja_temple_small_1]

Skill      XL: |  1  2  3  4  5  6 |
---------------+-------------------+-----
Fighting       | 4 6 7 8 |  8.6
Axes           | 4 6 7 8 |  8.9
Armour         | 4 5 7 |  7.8
Shields        | 4 5 7 |  7.8
Invocations    | 3 5 7 8 |  8.3

Action                     |  1- 3 |  4- 6 |  7- 9 || total
---------------------------+-------+-------+-------++-------
  Melee: War axe           |    12 |    20 |     4 ||    36
  Evoke: Wand              |     1 |       |       ||     1
    Use: Potion            |     1 |       |     3 ||     4
 Armour: Scale mail        |     4 |     3 |     8 ||    15
  Dodge: Dodged            |     4 |     5 |     6 ||    15
  Block: Buckler           |     2 |     3 |     3 ||     8
